 Dungeon Crawl Stone Soup version 0.32-a0-656-g3542139ebd (webtiles) character file.

Game seed: 7093149612462714405

4729 mopl the Martial Artist (level 10, -9/66 HPs)
             Began as an Octopode Shapeshifter on Mar 8, 2024.
             Was an Elder of Uskayaw.
             Mangled by an elephant (19 damage)
             ... on level 8 of the Dungeon.
             The game lasted 00:12:26 (7499 turns).

mopl the Martial Artist (Octopode Shapeshifter)     Turns: 7499, Time: 00:12:27

Health: -9/66      AC:  1    Str: 13    XL:     10   Next: 46%
Magic:  6/10       EV: 16    Int: 17    God:    Uskayaw [****..]
Gold:   44         SH:  0    Dex: 17    Spells: 9/9 levels left

rFire   . . .        s - +10 spear "Demonbane" {flame, rElec Int+5}
rCold   . . .        (no shield)
rNeg    . . .        (helmet currently unavailable)
rPois   .            q - amulet of regeneration
rElec   +            (no ring)
rCorr   .            (no ring)
SInv    .            (no ring)
Will    .....        (no ring)
Stlth   +++          (no ring)
HPRegen 1.11/turn    (no ring)
MPRegen 0.12/turn    (no ring)
                     (no ring)

%: no passive effects
@: beast-form
A: beast (slay +4), almost no armour, amphibious, 8 rings, camouflage 1,
gelatinous body 1, (nimble swimmer 1), tentacles
a: Begin Untransformation, Renounce Religion, Stomp, Line Pass


You were on level 8 of the Dungeon.
You worshipped Uskayaw.
Uskayaw was noncommittal.
You were a hulking beast.
You visited 1 branch of the dungeon, and saw 8 of its levels.

You collected 369 gold pieces.
You spent 325 gold pieces at shops.

Inventory:

Hand Weapons
 s - the +10 spear "Demonbane" (weapon) {flame, rElec Int+5}
   (You found it on level 4 of the Dungeon)

   Int+5:     It affects your intelligence (+5).
   rElec:     It insulates you from electricity.
Missiles
 f - 2 throwing nets (quivered)
 n - 19 poisoned darts
 w - 8 boomerangs
 F - a curare-tipped dart
Jewellery
 q - an amulet of regeneration (around mantle)
Talismans
 b - a beast talisman (active)
 c - a flux talisman
 D - a maw talisman
Wands
 u - a wand of iceblast (11)
 v - a wand of paralysis (7)
 C - a wand of acid (9)
Scrolls
 d - 3 scrolls of poison
 h - 2 scrolls of identify
 j - 3 scrolls of amnesia
 l - 2 scrolls of blinking
 m - 3 scrolls of enchant armour
 o - 2 scrolls of summoning {unknown}
 p - a scroll of revelation {unknown}
 r - 2 scrolls of fear {unknown}
 x - a scroll of vulnerability {unknown}
 y - a scroll of silence {unknown}
 A - a scroll of brand weapon {unknown}
 B - a scroll of fog
 E - a scroll of teleportation
Potions
 a - a potion of lignification {!q}
 e - a potion of resistance
 g - 6 potions of curing {unknown}
 i - a potion of cancellation
 k - a potion of heal wounds
 t - 4 potions of enlightenment
 z - a potion of attraction
 G - a potion of haste


   Skills:
 + Level 5.1 Fighting
 + Level 5.4 Dodging
 * Level 9.8 Unarmed Combat
 + Level 1.2 Invocations
 * Level 9.1 Shapeshifting


You had 9 spell levels left.
You didn't know any spells.
Your spell library contained the following spells:

 Spells                   Type           Power      Damage    Failure   Level
 Lesser Beckoning         Tloc           0%         N/A       34%         2
 Sublimation of Blood     Necr           0%         N/A       34%         2
 Gell's Gravitas          Tloc           0%         N/A       56%         3
 Inner Flame              Hex/Fire       0%         N/A       56%         3
 Teleport Other           Tloc           0%         N/A       56%         3
 Flame Wave               Conj/Fire      0%         2d4       93%         4
 Petrify                  Alch/Erth      0%         N/A       93%         4
 Sticky Flame             Fire/Alch      0%         2d4       93%         4
 Irradiate                Conj/Alch      0%         3d11      100%        5


Dungeon Overview and Level Annotations

Branches:
Dungeon (8/15)             Temple (0/1) D:7
   Lair: D:8-11

Altars:
Fedhas
Gozag
Hepliaklqana
Ru
Sif Muna
Uskayaw

Shops:
D:1 *(*=?   D:3 *


Innate Abilities, Weirdness & Mutations

You are a hulking beast.
Your limbs bulge with bestial killing power. (Slay +4)
You cannot wear most types of armour.
You are amphibious.
You can wear up to eight rings at the same time.
Your skin changes colour to match your surroundings (Stealth+).
Your rubbery body absorbs attacks. (AC +1, EV +1)
((You are camouflaged when in or above water. (Stealth+)))
You have tentacles for arms and can constrict up to eight enemies at once.


Message History

You hit the elephant. You burn the elephant.
You squeeze the elephant, but do no damage.
The elephant is lightly wounded.
The elephant barely misses you. The elephant misses you.
The black bear growls angrily.
You hit the elephant. You burn the elephant. You squeeze the elephant!
The elephant is lightly wounded.
The elephant barely misses you. The elephant trunk-slaps you.
Uskayaw will force your foes to share their pain.
Uskayaw links your audience in an emotional bond!
You puncture the elephant! You burn the elephant.
The elephant is heavily wounded.
The elephant tramples you!!
You hold your ground!
The elephant trunk-slaps you.
* * * LOW HITPOINT WARNING * * *
The elephant tramples you!
* * * LOW HITPOINT WARNING * * *
You hold your ground!
The elephant barely misses you.
Unknown command.
Aiming: Corrosive Bolt
Press: ? - help, Shift-Dir - straight line, f - elephant
Aim: an elephant (heavily wounded, sharing its pain, 100% to hit)
The bolt of acid hits the elephant!
The acid corrodes the elephant!
The elephant is severely wounded.
The bolt of acid hits the black bear!
The acid corrodes the black bear!
You kill the black bear!
The elephant is no longer sharing its pain.
The elephant barely misses you. The elephant closely misses you.
You can now merge with and destroy a victim.
Aiming: Line Pass
Press: ? - help, Dir - move target, p - elephant The elephant appears confused.
You can no longer merge with and destroy a victim.
The elephant barely misses you. The elephant trunk-slaps you.
* * * LOW HITPOINT WARNING * * *
Unknown command.
Unknown command.
The elephant seems less confused.
The elephant attacks as it pursues you! The elephant tramples you!!
You die...
Your body falls in perfect tune with the rhythm.

#...P.. ?....PY ..P..#
####.F...+ ... #.#####..
.PP..# #.# #.......#
.....## #.# #.#
#h##..P.... #.# #.#
#Y.....P.P. #.# #.#
#.###.PPP.P #.# #.#####.#
P..P.
#.#######....##.######...
#..#
#....).....#........# ##
#..#
#<########...######.#
...# #.# ###.# #..#
##.##########.# #..#


You could see an elephant (corroded).

Vanquished Creatures
  Maurice (D:7)
  A kobold demonologist (D:7)
  A hornet (D:7)
  Grinder (D:4)
  Sigmund (D:3)
  2 water moccasins
  Duvessa (D:4)
  2 black bears (D:8)
  Pargi (D:3)
  3 ice beasts
  An orc warrior (D:7)
  An ogre (D:4)
  A centaur (D:7)
  A phantom (D:6)
  4 kobold brigands (D:7)
  2 bullfrogs (D:8)
  3 scorpions
  16 wights
  Dowan (D:4)
  5 killer bees (D:7)
  A howler monkey (D:6)
  2 jellies
  Crazy Yiuf (D:2)
  2 gnoll boudas
  3 hounds
  A sleepcap (D:5)
  3 iguanas
  Robin (D:2)
  7 gnolls
  7 adders
  2 shadow imps
  2 white imps
  2 ribbon worms
  A dart slug (D:2)
  10 orcs
  9 ball pythons
  5 endoplasms
  4 giant cockroaches
  7 goblins
  8 hobgoblins
  6 jackals
  6 kobolds
  4 quokkas
  A bat (D:2)
  3 frilled lizards
  8 rats
155 creatures vanquished.

Notes
Turn   | Place    | Note
-------+----------+-------------------------------------------
     0 | D:1      | mopl the Octopode Shapeshifter began the quest for the Orb.
     0 | D:1      | Reached XP level 1. HP: 13/13 MP: 1/1
    36 | D:1      | Found Dout's Magic Scroll Boutique.
    73 | D:1      | Found Taefum's General Store.
   106 | D:1      | Reached XP level 2. HP: 12/18 MP: 2/2
   160 | D:1      | Found Menoream's Assorted Antiques.
   295 | D:1      | Found Itwem's Jewellery Shop.
   303 | D:1      | Reached XP level 3. HP: 20/23 MP: 3/3
   520 | D:1      | Found Quserol's Weapon Shoppe.
   949 | D:2      | Noticed Robin
   975 | D:2      | Killed Robin
   976 | D:2      | Reached skill level 4 in Unarmed Combat
   976 | D:2      | Reached XP level 4. HP: 28/28 MP: 4/4
  1211 | D:2      | Found a runed translucent door.
  1212 | D:2      | Noticed Crazy Yiuf
  1220 | D:2      | Killed Crazy Yiuf
  1221 | D:2      | Reached skill level 4 in Shapeshifting
  1289 | D:2      | Found a faded altar of an unknown god.
  1367 | D:2      | You fall into a shaft and drop 1 floor!
  1380 | D:3      | Noticed Pargi
  1475 | D:3      | Reached XP level 5. HP: 22/33 MP: 5/5
  1531 | D:1      | Bought a scroll of noise for 10 gold pieces
  1584 | D:1      | Bought a scroll labelled DOGYRO GYGHOGU for 19 gold pieces
  1584 | D:1      | Bought a scroll labelled INYNNEUGYS for 19 gold pieces
  1873 | D:3      | Killed Pargi
  1874 | D:3      | Reached skill level 5 in Unarmed Combat
  1874 | D:3      | Reached XP level 6. HP: 38/38 MP: 6/6
  1895 | D:3      | Reached skill level 5 in Shapeshifting
  2164 | D:3      | Noticed Sigmund
  2231 | D:3      | Killed Sigmund
  2232 | D:3      | Reached XP level 7. HP: 37/43 MP: 7/7
  2377 | D:3      | Found a blossoming altar of Fedhas.
  2405 | D:3      | Found an opulent altar of Gozag.
  2411 | D:3      | Found Gozag's Platinum Reserve.
  2522 | D:1      | Bought a scroll labelled NUOMIU AGAFF for 19 gold pieces
  2522 | D:1      | Bought a scroll labelled NUOMIU AGAFF for 19 gold pieces
  2578 | D:4      | Noticed Grinder
  2585 | D:4      | Killed Grinder
  2586 | D:4      | Reached skill level 6 in Unarmed Combat
  2620 | D:4      | Identified the +10 spear "Demonbane" {flame, rElec Int+5}
  2633 | D:4      | Reached skill level 6 in Shapeshifting
  2687 | D:4      | Identified the +0 plate armour of Gallantry {rElec Str+2}
  2791 | D:4      | Found a sacrificial altar of Ru.
  3440 | D:4      | Noticed Dowan
  3527 | D:4      | Noticed Duvessa
  3533 | D:4      | Killed Duvessa
  3534 | D:4      | Reached XP level 8. HP: 30/50 MP: 8/8
  3536 | D:4      | Killed Dowan
  3694 | D:5      | Entered Level 5 of the Dungeon
  3760 | D:5      | Reached skill level 2 in Fighting
  3778 | D:5      | Reached skill level 7 in Unarmed Combat
  3902 | D:5      | Found a hazy altar of Hepliaklqana.
  4125 | D:5      | Reached skill level 3 in Dodging
  4358 | D:5      | Reached skill level 7 in Shapeshifting
  4680 | D:6      | Reached skill level 3 in Fighting
  4680 | D:6      | Reached XP level 9. HP: 56/56 MP: 9/9
  4759 | D:6      | Reached skill level 8 in Unarmed Combat
  4767 | D:6      | Identified the +0 leather armour "Suilouni" {rPois SInv}
  5399 | D:6      | Reached skill level 4 in Dodging
  5737 | D:1      | Bought an amethyst potion for 17 gold pieces
  5804 | D:1      | Bought a scroll of poison for 40 gold pieces
  5812 | D:1      | Bought a scroll of fog for 52 gold pieces
  5812 | D:1      | Bought a scroll of identify for 26 gold pieces
  6090 | D:7      | Noticed Maurice
  6097 | D:7      | Maurice stole 42 gold
  6098 | D:7      | Maurice stole a maw talisman
  6103 | D:7      | Killed Maurice
  6104 | D:7      | Reached skill level 8 in Shapeshifting
  6225 | D:7      | Noticed a kobold demonologist
  6258 | D:7      | Killed a kobold demonologist
  6259 | D:7      | Reached skill level 4 in Fighting
  6271 | D:7      | Reached skill level 9 in Unarmed Combat
  6378 | D:7      | Reached XP level 10. HP: 65/65 MP: 10/10
  6424 | D:7      | Reached skill level 5 in Dodging
  6653 | D:7      | Found a hide-covered altar of Uskayaw.
  6662 | D:7      | Became a worshipper of Uskayaw the Reveller
  6669 | D:7      | Reached * piety under Uskayaw
  6716 | D:7      | Found a shimmering blue altar of Sif Muna.
  6788 | D:7      | Reached ** piety under Uskayaw
  6802 | D:7      | Reached *** piety under Uskayaw
  6849 | D:7      | Found a staircase to the Ecumenical Temple.
  6874 | D:7      | Reached skill level 9 in Shapeshifting
  7185 | D:1      | Bought a scroll of amnesia for 52 gold pieces
  7185 | D:1      | Bought a scroll of identify for 26 gold pieces
  7185 | D:1      | Bought a scroll of identify for 26 gold pieces
  7382 | D:8      | Reached skill level 5 in Fighting
  7382 | D:8      | Reached skill level 1 in Invocations
  7482 | D:8      | Noticed an elephant
  7494 | D:8      | Reached **** piety under Uskayaw
  7497 | D:8      | Reached ***** piety under Uskayaw
  7499 | D:8      | Mangled by an elephant

Illustrated notes

Levels and vault maps discovered:
D:1:      dpeg_arrival_shrine, layout_basic, serial_shops, shop,
          nicolae_shop_temple_entry_statues_fountains, shop, shop,
          nicolae_shop_behind_doors
D:2:      layout_basic, basic_ecumenical_altar, uniq_crazy_yiuf_cottage,
          uniq_robin
D:3:      layout_loops_cross, mainiacjoe_overflow_alcove_1,
          nicolae_gozag_zags_fifth_avenue, nrook_campfire, uniq_pargi,
          uniq_sigmund
D:4:      layout_layer_cave, lemuel_round_altar, serial_forest,
          infiniplex_forest_clump_small, infiniplex_forest_corner_1,
          infiniplex_forest_lined_corner, infiniplex_forest_lined_3,
          infiniplex_forest_straight_3, infiniplex_forest_straight_2,
          infiniplex_forest_3_way, kennysheep_generic_room_12, uniq_grinder,
          uniq_duvessa
D:5:      layout_loops_ring, worldfamousw_hep_ancestral_shrine,
          chequers_serial_rivers_micro_b
D:6:      layout_basic, serial_curves, eino_curves_04, eino_curves_03
D:7:      layout_cave_pools, mainiacjoe_overflow_paths, lemuel_crystal_altar,
          minmay_temple_entry_enclosed_plants, minmay_crossroads, uniq_maurice
D:8:      layout_loops_ring, grunt_lair_entry_orc_guard_hut, uniq_pikel

Skill      XL: |  1  2  3  4  5  6  7  8  9 10 |
---------------+-------------------------------+-----
Unarmed Combat | 4 5 6 7 9 |  9.8
Shapeshifting  | 4 5 6 7 8 9 |  9.1
Fighting       | 3 4 5 |  5.1
Dodging        | 3 4 5 |  5.4
Invocations    | 1 |  1.2

Action                     |  1- 3 |  4- 6 |  7- 9 | 10-12 || total
---------------------------+-------+-------+-------+-------++-------
  Melee: Unarmed           |    56 |    56 |     8 |       ||   120
         Constrict         |    17 |    12 |    27 |    10 ||    66
         Tentacles         |    14 |     8 |    15 |     7 ||    44
         Punch             |     2 |       |       |       ||     2
         Spear             |       |       |   151 |    57 ||   208
 Invoke: Line Pass         |       |       |       |     1 ||     1
  Evoke: Wand              |       |       |     3 |     1 ||     4
    Use: Potion            |       |     1 |       |       ||     1
         Scroll            |       |       |     5 |     4 ||     9
   Stab: Sleeping          |     5 |     6 |     9 |     2 ||    22
         Paralysed         |       |       |     1 |     2 ||     3
 Armour: Skin              |    22 |    39 |    40 |    31 ||   132
  Dodge: Dodged            |    25 |    19 |    50 |    32 ||   126

Table legend: (Time is in decaauts)
 A = Elapsed time spent in this place.
 B = Non-inter-level travel time spent in this place.
 C = Inter-level travel time spent in this place.
 D = Time resting spent in this place.
 E = Time spent auto-exploring this place.
 F = Levels seen in this place.
 G = Mean time per level.
                   A        B        C        D        E       F      G
               +--------+--------+--------+--------+--------+-----+--------+
         Total |   7524 |   6390 |   1134 |    371 |   4561 |   8 |  940.5 |
       Dungeon |   7524 |   6390 |   1134 |    371 |   4561 |   8 |  940.5 |
               +--------+--------+--------+--------+--------+-----+--------+

Top non-repeatable levels by time:
     D:6: 1236 daAuts
     D:4: 1216 daAuts
     D:7: 1065 daAuts
     D:1: 1065 daAuts
     D:5: 951 daAuts
     D:2: 942 daAuts
     D:3: 876 daAuts
     D:8: 169 daAuts
